 Dungeon Crawl Stone Soup version 0.31-a0-466-g98c9adc2b6 (webtiles) character file.

Game seed: 17934393322245727270

68 horus123 the Digger (level 4, -5/33 HPs)
             Began as a Draconian Earth Elementalist on Aug 6, 2023.
             Slain by a +0 spectral club (6 damage)
             ... created by Ijyb
             ... on level 3 of the Dungeon.
             The game lasted 00:03:22 (2346 turns).

horus123 the Digger (Draconian Earth Elementalist)  Turns: 2346, Time: 00:03:23

Health: -5/33      AC:  7    Str: 11    XL:     4   Next: 1%
Magic:  2/7        EV: 12    Int: 17    God:
Gold:   159        SH:  0    Dex: 11    Spells: 3/7 levels left

rFire   . . .        d - +0 morningstar (protect)
rCold   . . .        (no shield)
rNeg    . . .        (body armour unavailable)
rPois   .            (helmet restricted)
rElec   .            b - +0 cloak
rCorr   .            (no gloves)
SInv    .            f - +0 pair of boots
Will    .....        (no amulet)
Stlth   +            (no ring)
HPRegen 0.25/turn    (no ring)
MPRegen 0.10/turn

%: no passive effects
@: confused
A: AC +5, unfitting armour, cold-blooded
a: no special abilities


You were on level 3 of the Dungeon.
You visited 1 branch of the dungeon, and saw 3 of its levels.

You collected 159 gold pieces.

Inventory:

Hand Weapons
 d - a +0 morningstar of protection (weapon)
 r - a +2 sling of electrocution
Armour
 b - a +0 cloak (worn)
 e - a +0 buckler
 f - a +0 pair of boots (worn)
Scrolls
 h - a scroll of torment {unknown}
 i - 2 scrolls of teleportation {unknown}
 k - a scroll of noise {unknown}
 l - a scroll of fog {unknown}
 m - a scroll of revelation {unknown}
 n - a scroll of blinking {unknown}
 o - a scroll of immolation {unknown}
Potions
 a - a potion of magic
 c - a potion of heal wounds {unknown}
 g - 3 potions of lignification {unknown}
 j - a potion of haste {unknown}
 p - 2 potions of brilliance {unknown}
 q - a potion of curing {unknown}


   Skills:
 - Level 1.7 Dodging
 - Level 1.7 Stealth
 - Level 2.0 Spellcasting
 - Level 1.0 Transmutations
 + Level 4.9 Earth Magic


You had 3 spell levels left.
You knew the following spells:

 Your Spells              Type           Power      Damage    Failure   Level
a - Sandblast             Erth           36%        2d10      2%          1
b - Stone Arrow           Conj/Erth      20%        3d8       22%         3

Your spell library contained the following spells:

 Spells                   Type           Power      Damage    Failure   Level
 Passwall                 Tmut/Erth      9%         N/A       9%          2
 Sting                    Tmut/Pois      12%        1d3       16%         1
 Poisonous Vapours        Pois/Air       2%         N/A       28%         2
 Petrify                  Tmut/Erth      11%        N/A       50%         4
 Olgreb's Toxic Radiance  Pois           1%         N/A       88%         4


Dungeon Overview and Level Annotations

Branches:
Dungeon (3/15)

Altars:

Annotations:
D:3 Ijyb


Innate Abilities, Weirdness & Mutations

Your plain brown scales are hard. (AC +5)
You cannot fit into any form of body armour.
You are cold-blooded and may be slowed by cold attacks.


Message History

You're too confused to move!
The bat hits you but does no damage. Ijyb closely misses you.
The +0 spectral club barely misses you.
You closely miss Ijyb.
Your tail-slap misses Ijyb.
Ijyb is heavily wounded.
The bat barely misses you.
Ijyb zaps a wand.
Your will is overpowered!
You are more confused.
You closely miss Ijyb.
Ijyb is heavily wounded.
The bat misses you. Ijyb hits you but does no damage.
The +0 spectral club hits you. Ijyb hits you but does no damage.
The +0 spectral club hits you but does no damage.
A +0 spectral club comes into view.
Ijyb attacks as you move away! Ijyb closely misses you.
The +0 spectral club hits you.
* * * LOW HITPOINT WARNING * * *
The bat misses you.
You hit Ijyb but do no damage.
Your weapon exudes an aura of protection.
Ijyb is heavily wounded.
The bat misses you. The bat closely misses you.
Ijyb hits you but does no damage.
The +0 spectral club hits you but does no damage.
A +0 spectral club comes into view.
Ijyb closely misses you.
The +0 spectral club hits you but does no damage.
The bat hits you but does no damage. The bat closely misses you.
Ijyb closely misses you. The +0 spectral club hits you.
* * * LOW HITPOINT WARNING * * *
The +0 spectral club hits you but does no damage.
The +0 spectral club hits you.
* * * LOW HITPOINT WARNING * * *
The bat hits you but does no damage. Ijyb barely misses you.
The +0 spectral club hits you.
* * * LOW HITPOINT WARNING * * *
The +0 spectral club completely misses you.
Okay, then.
You're too confused to cast spells.
You're too confused to move!
The bat hits you but does no damage. The +0 spectral club barely misses you.
The +0 spectral club hits you.
You die...

...).........# .........##...
.............######.#. #......
..................... .. <......
......#.#...........#... .).....
......#.............#.## .......
............#..........## #......
......#.................. .......
......####.#............ ##.....
......# #..#...@g..##.# ##....
......#####....b(...## #....
..........###............ #.###
..........# #.......#.... ..
..........# #..†.........
..........###.########..~
............>......##############
#......<..###.####..............#
#.........# #.# #######.........


You could see a +0 spectral club, Ijyb and a bat.

Vanquished Creatures
  An adder (D:3)
  3 worms (D:2)
  A dart slug (D:2)
  7 endoplasms
  4 giant cockroaches
  3 goblins (D:2)
  5 hobgoblins
  A quokka (D:3)
  4 ball pythons
  5 bats
  4 frilled lizards (D:1)
  4 kobolds
  4 rats
46 creatures vanquished.

Notes
Turn   | Place    | Note
-------+----------+-------------------------------------------
     0 | D:1      | horus123 the Draconian Earth Elementalist began the quest
                  | for the Orb.
     0 | D:1      | Reached XP level 1. HP: 14/14 MP: 3/3
   156 | D:1      | Reached XP level 2. HP: 20/20 MP: 0/5
   760 | D:1      | Reached skill level 4 in Earth Magic
   821 | D:1      | Found a faded altar of an unknown god.
   821 | D:1      | Noticed a crimson imp
  1154 | D:2      | Reached XP level 3. HP: 16/26 MP: 3/6
  1394 | D:2      | Learned a level 3 spell: Stone Arrow
  2219 | D:3      | Reached XP level 4. HP: 33/33 MP: 3/7
  2314 | D:3      | Noticed Ijyb
  2345 | D:3      | HP: 1/33 [+0 spectral club[Ijyb] (1)]
  2346 | D:3      | Slain by a +0 spectral club

Illustrated notes

Levels and vault maps discovered:
D:1:      amcnicky_arrival_blooded_trapdoor, layout_basic,
          dreamdust_ecumenical_altar_sealed_demon, nicolae_figureground_sparkle
D:2:      layout_basic, minmay_misc_feat_four_crosses
D:3:      cheibrodos_greedy_goblins, layout_rooms, minmay_misc_feat_tiny,
          moated_statue, uniq_ijyb

Skill      XL: |  1  2 |
---------------+-------+-----
Earth Magic    | 4 |  4.9
Dodging        | |  1.7
Stealth        | |  1.7
Spellcasting   | |  2.0
Transmutations | |  1.0

Action                     |  1- 3 |  4- 6 || total
---------------------------+-------+-------++-------
  Melee: Morningstar       |    10 |    12 ||    22
         Tailslap          |     1 |     1 ||     2
   Cast: Sandblast         |    59 |     8 ||    67
 Armour: Skin              |    13 |    43 ||    56
  Dodge: Dodged            |    18 |    42 ||    60

Table legend: (Time is in decaauts)
 A = Elapsed time spent in this place.
 B = Non-inter-level travel time spent in this place.
 C = Inter-level travel time spent in this place.
 D = Time resting spent in this place.
 E = Time spent auto-exploring this place.
 F = Levels seen in this place.
 G = Mean time per level.
                   A        B        C        D        E       F      G
               +--------+--------+--------+--------+--------+-----+--------+
         Total |   2391 |   2351 |     40 |      0 |   1979 |   3 |  797.0 |
       Dungeon |   2391 |   2351 |     40 |      0 |   1979 |   3 |  797.0 |
               +--------+--------+--------+--------+--------+-----+--------+

Top non-repeatable levels by time:
     D:1: 1004 daAuts
     D:2: 934 daAuts
     D:3: 452 daAuts
